 Dungeon Crawl Stone Soup version 0.21.1-1-g345015f (webtiles) character file.

138 iamserjio the Conjurer (level 5, -1/31 HPs)
             Began as an Octopode Conjurer on Apr 12, 2018.
             Slain by an orc priest
             ... wielding a +0 dagger
              (5 damage)
             ... on level 3 of the Dungeon.
             The game lasted 00:13:10 (2922 turns).

iamserjio the Conjurer (Octopode Conjurer)          Turns: 2922, Time: 00:13:11

Health: -1/31      AC:  1    Str:  7    XL:     5   Next: 21%
Magic:  3/9        EV: 13    Int: 19    God:
Gold:   63         SH:  0    Dex: 12    Spells: 6/9 levels left

rFire    . . .     SeeInvis .   p - +0 rapier
rCold    . . .     Gourm    .   (no shield)
rNeg     . . .     Faith    .   (helmet restricted)
rPois    .         Spirit   .   (no amulet)
rElec    .         Reflect  .   (no ring)
rCorr    .         Harm     .   (no ring)
MR       .....                  (no ring)
Stlth    ++++......             (no ring)
HPRegen  0.10/turn              (no ring)
MPRegen  0.11/turn              (no ring)
                                (no ring)
                                (no ring)

@: no status effects
A: almost no armour, stealthy swim, amphibious, 8 rings, constrict 8, camouflage
1, gelatinous body 1
a: no special abilities


You were on level 3 of the Dungeon.
You were not hungry.

You visited 1 branch of the dungeon, and saw 3 of its levels.

You collected 63 gold pieces.

Inventory:

Hand Weapons
 f - a +0 hand axe
 p - a +0 rapier (weapon)
Missiles
 g - 73 stones (quivered)
 t - 13 poisoned needles
Armour
 r - a +0 buckler
Scrolls
 e - 2 scrolls of random uselessness {unknown}
 h - a scroll of amnesia {unknown}
 j - 3 scrolls of identify {unknown}
 l - 2 scrolls of remove curse {unknown}
 m - a scroll of fear {unknown}
 n - a scroll of blinking {unknown}
 q - 2 scrolls of teleportation {unknown}
Potions
 c - a potion of ambrosia {unknown}
 i - 2 potions of invisibility {unknown}
 k - 2 potions of degeneration {unknown}
 o - 2 potions of resistance {unknown}
 s - a potion of might {unknown}
Books
 a - a book of Conjurations

   Spells                             Type                      Level
   a - Magic Dart                     Conjuration                  1
   b - Searing Ray                    Conjuration                  2
   c - Dazzling Spray                 Conjuration/Hexes            3
   d - Fulminant Prism                Conjuration/Hexes            4
   e - Force Lance                    Conjuration/Translocation    4
   f - Iskenderun's Mystic Blast      Conjuration                  4
Comestibles
 b - a ration
 d - a chunk of flesh


   Skills:
 - Level 2.1 Dodging
 * Level 4.8 Stealth
 + Level 0.7 Shields
 + Level 2.7 Spellcasting
 * Level 5.0 Conjurations


You had 6 spell levels left.
You knew the following spells:

 Your Spells              Type           Power        Failure   Level  Hunger
a - Magic Dart            Conj           ###.         1%          1    None
b - Searing Ray           Conj           ###...       3%          2    ##.....


Dungeon Overview and Level Annotations

Branches:
Dungeon (3/15)

Altars:
Elyvilon
Gozag

Annotations:
D:3 Zgarb's ghost, weakling OgSk


Innate Abilities, Weirdness & Mutations

You cannot wear most types of armour.
You are very stealthy in the water. (Stealth+)
You are amphibious.
You can wear up to eight rings at the same time.
You can use your tentacles to constrict eight enemies at once.
Your skin changes colour to match your surroundings (Stealth+).
Your rubbery body absorbs attacks. (AC +1, EV +1)


Message History

Aim: an orc priest, wielding a dagger and wearing a ring mail (moderately wounded)
The magic dart hits the orc priest.
The orc priest is moderately wounded.
The orc priest calls down the wrath of Beogh upon you.
Pain shoots through your body!
Casting: Magic Dart
Confirm with . or Enter, or press ? or * to list all spells.
Aiming: Searing Ray
Press: ? - help, Shift-Dir - straight line, f/p - orc priest
Aim: an orc priest, wielding a dagger and wearing a ring mail (moderately wounded)
The searing ray hits the orc priest.
The orc priest is moderately wounded. (Press . to maintain the ray.)
The orc priest invokes the aid of Beogh against you.
Pain shoots through your body!
* * * LOW HITPOINT WARNING * * *
The searing ray hits the orc priest.
The orc priest is heavily wounded.
The orc priest hits you with a dagger.
You die...

#.....# .).. ##o#######
..)... ########........
#.......o#######
#........#
#.......o#############
#.................>..#
#........###########.#
######'#...o@..#...#.#
#.#.#.#...#.#.#.#
#.#.#######.#.#.#
#.#...........#.#
#.#########.###.#
#...........#...#
######################.###
................)......#
########################


You could see an orc priest.

Vanquished Creatures
  An orc wizard (D:3)
  4 adders
  A worm (D:2)
  4 dart slugs
  2 leopard geckos
  5 orcs
  6 bats
  2 giant cockroaches
  5 goblins
  8 hobgoblins
  2 jackals (D:2)
  6 kobolds
  3 frilled lizards
  5 rats
54 creatures vanquished.

Notes
Turn   | Place    | Note
-------+----------+-------------------------------------------
     0 | D:1      | iamserjio the Octopode Conjurer began the quest for the Orb.
     0 | D:1      | Reached XP level 1. HP: 11/11 MP: 3/3
   101 | D:1      | Reached XP level 2. HP: 17/17 MP: 0/5
   113 | D:1      | Learned a level 2 spell: Searing Ray
   790 | D:1      | Reached XP level 3. HP: 21/21 MP: 6/6
  1208 | D:2      | Found a white marble altar of Elyvilon.
  1534 | D:2      | Reached XP level 4. HP: 27/27 MP: 1/7
  1823 | D:2      | Found an opulent altar of Gozag.
  2279 | D:3      | Noticed Zgarb's ghost (weakling OgSk)
  2523 | D:3      | Reached skill level 5 in Conjurations
  2523 | D:3      | Reached XP level 5. HP: 31/31 MP: 3/9
  2922 | D:3      | Slain by an orc priest

Skill      XL: |  1  2  3  4 |
---------------+-------------+-----
Stealth        | 3 4 |  4.8
Conjurations   | 5 |  5.0
Dodging        | |  2.1
Shields        | |  0.7
Spellcasting   | |  2.7

Action                   |  1- 3 |  4- 6 || total
-------------------------+-------+-------++-------
Melee: Club              |     2 |       ||     2
       Constrict         |     5 |     5 ||    10
       Hand axe          |     9 |       ||     9
       Rapier            |     5 |    19 ||    24
       Tentacles         |     1 |     2 ||     3
 Cast: Magic Dart        |    63 |    24 ||    87
       Searing Ray       |     1 |     4 ||     5
 Stab: Sleeping          |       |     1 ||     1
  Eat: Chunk             |     2 |     5 ||     7
Dodge: Dodged            |     5 |    13 ||    18
